 Dungeon Crawl Stone Soup version 0.31-a0-210-gccc998df9b (webtiles) character file.

Game seed: 3714572696983356308

75 McSplat the Ruffian (level 4, -10/44 HPs)
             Began as a Troll Berserker on June 29, 2023.
             Was a Believer of Trog.
             Mangled by a small abomination (14 damage)
             ... on level 1 of the Abyss.
             The game lasted 00:06:08 (1343 turns).

McSplat the Ruffian (Troll Berserker)               Turns: 1343, Time: 00:06:09

Health: -10/44     AC:  6    Str: 27    XL:     4   Next: 11%
Magic:  3/3        EV: 10    Int:  3    God:    Trog [**....]
Gold:   142        SH:  0    Dex:  9    Spells: 3/3 levels left

rFire   . .          .
                       - Unarmed
rCold   . . .        (no shield)
rNeg    . . .        a - +2 animal skin
rPois   .            (helmet restricted)
rElec   .            (no cloak)
rCorr   .            (gloves unavailable)
SInv    .            (boots unavailable)
Will    .....        (no amulet)
Stlth   +            (no ring)
HPRegen 1.07/turn    (no ring)
MPRegen 0.08/turn

%: no passive effects
@: no status effects
A: large, unfitting armour, claws 3, regeneration 1, shaggy fur 1, tough skin 1
a: Renounce Religion, Berserk, Trog's Hand


You were on level 1 of the Abyss.
You worshipped Trog.
Trog was pleased with you.
You visited 1 branch of the dungeon, and saw 3 of its levels.
You visited the Abyss 1 time.

You collected 142 gold pieces.

Inventory:

Missiles
 e - 6 boomerangs of dispersal (quivered)
Armour
 a - a +2 animal skin (worn)
Scrolls
 b - a scroll of immolation {unknown}
 g - a scroll of blinking {unknown}
 h - a scroll of acquirement {unknown}
 j - a scroll of identify {unknown}
Potions
 d - a potion of curing {unknown}
 f - 3 potions of degeneration {unknown}
 i - a potion of heal wounds {unknown}


   Skills:
 + Level 2.9 Fighting
 + Level 2.9 Dodging
 * Level 4.1 Unarmed Combat


You had 3 spell levels left.
You didn't know any spells.
Your spell library was empty.

Dungeon Overview and Level Annotations

Branches:
Dungeon (3/15)

Altars:

Annotations:
D:3 Crazy Yiuf


Innate Abilities, Weirdness & Mutations

You are too large for most types of armour.
You have claws for hands.
Your natural rate of healing is unusually fast.
You are covered in fur. (AC +1)
You have tough skin. (AC +1)


Message History

You feel yourself slow down.
You hear a shout!
A starcursed mass comes into view.
The starcursed mass is engulfed in a cloud of scalding steam.
There is an open door here.
The starcursed mass shrieks in your mind.
You close the door.
You feel yourself speed up.
The chaos spawn barks!
A small abomination comes into view.
A small abomination comes into view.
You recover from your berserk rage.
A raiju comes into view.
The raiju barks!
A starcursed mass comes into view.
A starcursed mass splits.
The small abomination hits you!
The small abomination barely misses you.
The chaos spawn attacks as you move away!
The chaos spawn gores you. The chaos spawn freezes you!
The small abomination attacks as you move away!
The small abomination hits you.
The small abomination attacks as you move away!
The small abomination hits you.
* * * LOW HITPOINT WARNING * * *
The small abomination attacks as you move away!
The small abomination hits you!
* * * LOW HITPOINT WARNING * * *
The small abomination attacks as you move away!
The small abomination hits you but does no damage.
The small abomination hits you.
* * * LOW HITPOINT WARNING * * *
The small abomination attacks as you move away!
The small abomination closely misses you.
The small abomination attacks as you move away!
The small abomination hits you.
* * * LOW HITPOINT WARNING * * *
The small abomination attacks as you move away!
The small abomination hits you!
You die...

#......##..
...##.... #
.....##.
....##... . . .
...............
#x. .......h...
....... # .#
###x#.###.###.
#..#.#.. .#
##4#..#..##
#x#####...
#@.....##.#
#.####.#.. .
#.# #.. ..# ##.
#


You could see a raiju, a chaos spawn and 2 small abominations.

Vanquished Creatures
  Jessica (D:2)
  An adder (D:2)
  2 bats
  4 endoplasms
  3 giant cockroaches (D:1)
  4 goblins (D:1)
  4 hobgoblins
  4 jackals (D:1)
  4 kobolds (D:1)
  3 ball pythons (D:1)
  2 frilled lizards
  5 rats (D:1)
37 creatures vanquished.

Notes
Turn   | Place    | Note
-------+----------+-------------------------------------------
     0 | D:1      | McSplat the Troll Berserker began the quest for the Orb.
     0 | D:1      | Reached XP level 1. HP: 22/22 MP: 0/0
    19 | D:1      | You fall into a shaft and drop 1 floor!
   132 | D:1      | Reached XP level 2. HP: 26/29 MP: 1/1
   451 | D:1      | Reached ** piety under Trog
   609 | D:1      | Reached XP level 3. HP: 36/36 MP: 2/2
   902 | D:2      | Noticed Jessica
   906 | D:2      | Killed Jessica
   907 | D:2      | Reached skill level 4 in Unarmed Combat
   912 | D:2      | Reached XP level 4. HP: 35/44 MP: 3/3
  1017 | D:2      | Found a faded altar of an unknown god.
  1275 | D:3      | Found a runed translucent door.
  1276 | D:3      | Noticed Crazy Yiuf
  1282 | D:3      | Paralysed by Crazy Yiuf for 4 turns
  1283 | Abyss:1  | Noticed a smoke demon
  1283 | Abyss:1  | Cast into level 1 of the Abyss (Crazy Yiuf)
  1288 | Abyss:1  | Noticed a starcursed mass
  1310 | Abyss:1  | Noticed a chaos spawn
  1323 | Abyss:1  | Noticed a raiju
  1324 | Abyss:1  | Noticed a starcursed mass
  1343 | Abyss:1  | Mangled by a small abomination

Illustrated notes

Levels and vault maps discovered:
D:1:      beargit_arrival_greenhouse, layout_loops_corners
D:2:      layout_basic, serial_shops, nicolae_shop_back_alley_shop,
          hellmonk_ecumenical_altar_leap_of_faith, uniq_natasha, uniq_jessica
D:3:      mumra_celtic_spiral_tile, layout_loops_ring,
          minmay_overflow_temple_star_hex, uniq_crazy_yiuf_cottage
Abyss:1:  base: Temple, hangedman_cross_veins

Skill      XL: |  1  2  3 |
---------------+----------+-----
Unarmed Combat | 4 |  4.1
Fighting       | |  2.9
Dodging        | |  2.9

Action                     |  1- 3 |  4- 6 || total
---------------------------+-------+-------++-------
  Melee: Unarmed           |    72 |    13 ||    85
         Punch             |     2 |     1 ||     3
 Invoke: Berserk           |       |     1 ||     1
    Use: Scroll            |       |     2 ||     2
   Stab: Sleeping          |     1 |       ||     1
 Armour: Animal skin       |    24 |     3 ||    27
  Dodge: Dodged            |    37 |     5 ||    42

Table legend: (Time is in decaauts)
 A = Elapsed time spent in this place.
 B = Non-inter-level travel time spent in this place.
 C = Inter-level travel time spent in this place.
 D = Time resting spent in this place.
 E = Time spent auto-exploring this place.
 F = Levels seen in this place.
 G = Mean time per level.
                   A        B        C        D        E       F      G
               +--------+--------+--------+--------+--------+-----+--------+
         Total |   1346 |   1325 |     21 |      0 |   1042 |   4 |  336.5 |
       Dungeon |   1276 |   1255 |     21 |      0 |   1042 |   3 |  425.3 |
         Abyss |     69 |     69 |      0 |      0 |      0 |   1 |   69.0 |
               +--------+--------+--------+--------+--------+-----+--------+

Top non-repeatable levels by time:
     D:1: 861 daAuts
     D:2: 333 daAuts
     D:3: 81 daAuts
 Abyss:1: 69 daAuts
